 Dungeon Crawl Stone Soup version 0.30-a0-782-ge64f9170bb (webtiles) character file.

Game seed: 8258132612277982983

9315 Crownlay the Geomancer (level 11, -2/72 HPs)
             Began as an Octopode Earth Elementalist on Feb 26, 2023.
             Was an Initiate of Gozag.
             Slain by an anaconda simulacrum (5 damage)
             ... in an ice cave.
             The game lasted 00:23:09 (11503 turns).

Crownlay the Geomancer (OpEE)                      Turns: 11503, Time: 00:23:10

Health: -2/72      AC:  1    Str:  7    XL:     11   Next: 44%
Magic:  30/34      EV: 10    Int: 22    God:    Gozag
Gold:   1476       SH:  0    Dex: 10    Spells: 22/31 levels left

rFire   . . .      SeeInvis +    A - +0 short sword of Uncomfortable Rashes {speed, rElec rC+ Dex-3 Stlth+}
rCold   + + .      Faith    .    (no shield)
rNeg    . . .      Spirit   .    (helmet restricted)
rPois   .          Reflect  .    (no amulet)
rElec   +          Harm     .    f - ring of magical power
rCorr   .          Rampage  .    h - ring of flight
Will    .....                    u - ring of see invisible
Stlth   +++++                    v - ring of protection from cold
HPRegen 0.32/turn                C - ring of wizardry
MPRegen 0.24/turn                y - +4 ring of slaying
                                 (no ring)
                                 (no ring)

@: gold aura, flying, constricted
A: almost no armour, amphibious, 8 rings, camouflage 1, gelatinous body 1,
(nimble swimmer 1), tentacles
a: Renounce Religion, Potion Petition, Call Merchant, Bribe Branch


You were in an ice cave.
You worshipped Gozag.
Gozag was most pleased with you.
You visited 3 branches of the dungeon, and saw 12 of its levels.
You also visited: Ossuary and Ice Cave.

You collected 2141 gold pieces.
You spent 482 gold pieces at shops.
You paid 183 gold pieces to Gozag.

Inventory:

Hand Weapons
 A - the +0 short sword of Uncomfortable Rashes (weapon) {speed, rElec rC+ Dex-3 Stlth+}
   (You found it on level 8 of the Dungeon)

   Dex:       It affects your dexterity (-3).
   rC:        It protects you from cold.
   rElec:     It insulates you from electricity.
   Stlth:     It makes you more stealthy.
Missiles
 m - 2 throwing nets
Jewellery
 f - a ring of magical power (left tentacle)
 g - an amulet of regeneration
 h - a ring of flight (right tentacle)
 n - a ring of fire
 u - a ring of see invisible (on tentacle)
 v - a ring of protection from cold (on tentacle)
 y - a +4 ring of slaying (on tentacle)
 C - a ring of wizardry (on tentacle)
 J - an amulet of reflection
Wands
 k - a wand of paralysis (6)
 F - a wand of flame (15)
 L - a wand of quicksilver (5)
 M - a wand of iceblast (13)
 O - a wand of mindburst (9)
 P - a wand of polymorph (3)
Scrolls
 c - 2 scrolls of blinking
 d - 3 scrolls of noise
 e - 2 scrolls of enchant weapon
 o - 6 scrolls of teleportation
 p - 3 scrolls of immolation
 r - 2 scrolls of enchant armour
 t - 2 scrolls of magic mapping
 w - a scroll of brand weapon {unknown}
 D - 3 scrolls of fear
 G - 2 scrolls of fog
 H - a scroll of poison
 I - a scroll of vulnerability
 K - 2 scrolls of amnesia
Potions
 a - 2 potions of magic
 b - 4 potions of lignification
 i - 9 potions of curing
 j - 2 potions of invisibility
 l - 3 potions of heal wounds
 q - a potion of berserk rage {unknown}
 s - a potion of haste {unknown}
 x - a potion of resistance {unknown}
 z - 2 potions of mutation
 B - 2 potions of might {unknown}
 E - a potion of brilliance {unknown}
 N - a potion of flight {unknown}


   Skills:
 * Level 5.3 Fighting
 - Level 2.0 Dodging
 - Level 6.0 Stealth
 + Level 10.5 Spellcasting
 - Level 6.0 Necromancy
 - Level 1.0 Transmutations
 + Level 10.6 Earth Magic


You had 22 spell levels left.
You knew the following spells:

 Your Spells              Type           Power      Damage    Failure   Level
a - Sandblast             Erth           100%       2d20      1%          1
b - Stone Arrow           Conj/Erth      70%        3d11      1%          3
c - Borgnjor's Vile Clut  Necr/Erth      24%        N/A       2%          5

Your spell library contained the following spells:

 Spells                   Type           Power      Damage    Failure   Level
 Sting                    Tmut/Pois      52%        1d5       1%          1
 Passwall                 Tmut/Erth      30%        N/A       1%          2
 Petrify                  Tmut/Erth      37%        N/A       2%          4
 Poisonous Vapours        Pois/Air       22%        N/A       3%          2
 Olgreb's Toxic Radiance  Pois           11%        N/A       22%         4
 Death Channel            Necr           19%        N/A       28%         6
 Animate Dead             Necr           Unusable   N/A       N/A         4

Dungeon Overview and Level Annotations

Branches:
Dungeon (10/15)            Temple (1/1) D:4            Lair (1/5) D:9
    Orc (0/2) D:9         Ossuary (visited)           IceCv (1/1)

Altars:
Dithmenos
Elyvilon
Gozag
Hepliaklqana
Makhleb
Nemelex Xobeh
Okawaru
Qazlal
Sif Muna
Vehumet
Wu Jian
Zin
The Shining One

Shops:
D:1 =   D:6 ?

Annotations:
D:5 3 runed translucent doors, Nabski's ghost, novice TeFE IceCv exclusion: ice statue


Innate Abilities, Weirdness & Mutations

You cannot wear most types of armour.
You are amphibious.
You can wear up to eight rings at the same time.
Your skin changes colour to match your surroundings (Stealth+).
Your rubbery body absorbs attacks. (AC +1, EV +1)
((You are camouflaged when in or above water. (Stealth+)))
You have tentacles for arms and can constrict up to eight enemies at once.


Message History

The anaconda simulacrum freezes you! You resist.
* * * LOW HITPOINT WARNING * * *
The anaconda simulacrum constricts you.
* * * LOW HITPOINT WARNING * * *
Training target 6.0 for Stealth reached!
Your Stealth skill increases to level 6!
You feel much better.
The anaconda simulacrum bites you but does no damage.
The anaconda simulacrum constricts you.
* * * LOW HITPOINT WARNING * * *
The anaconda simulacrum barely misses you.
The anaconda simulacrum constricts you.
* * * LOW HITPOINT WARNING * * *
The death yak simulacrum is distracted by your dazzling golden aura.
You feel much better.
The anaconda simulacrum barely misses you.
The anaconda simulacrum constricts you.
The anaconda simulacrum closely misses you.
The anaconda simulacrum constricts you.
Casting: Sandblast (safe; 1% risk of failure)
Confirm with . or Enter, or press ? or * to list all spells.
Aiming: Sandblast (safe; 1% risk of failure)
Press: ? - help, Shift-Dir - straight line, f - anaconda simulacrum
Aim: an anaconda simulacrum (constricting you, 84% to hit)
The blast of sand hits the anaconda simulacrum!!
The anaconda simulacrum is severely damaged.
You are engulfed in freezing vapours.
You resist.
The harpy simulacrum is no longer distracted by gold.
The death yak simulacrum is no longer distracted by gold.
The anaconda simulacrum bites you. The anaconda simulacrum freezes you!
You resist.
* * * LOW HITPOINT WARNING * * *
The anaconda simulacrum constricts you.
* * * LOW HITPOINT WARNING * * *
The harpy simulacrum is distracted by your dazzling golden aura.
The anaconda simulacrum bites you!
* * * LOW HITPOINT WARNING * * *
The anaconda simulacrum freezes you. You resist.
You die...
Your body crumbles into a pile of gold.

.## $ ...# # ....###
####### #...5.## #
.##.#§## #Z.°..## ..#
.....§§#### #Z$Z.#.Z.#
###.§☼.§§§#######ZZ..#
###§§§§○§§§##§@#####
##§§§§§☼○§°#§# $
###§§°☼§§#### #§§#§###
######


You could see an anaconda simulacrum, a death yak simulacrum, a harpy simulacrum
(unaware) and a troll simulacrum.

Vanquished Creatures
  2 two-headed ogres
  An anaconda simulacrum (IceCv)
  A hornet (D:9)
  Prince Ribbit (D:8)
  A shadow (D:9)
  3 wyverns
  A death yak simulacrum (IceCv)
  A vampire mosquito (D:7)
  2 steam dragons
  A harpy simulacrum (IceCv)
  A water moccasin (D:8)
  3 ice beasts
  6 orc warriors
  3 sky beasts
  4 black bears
  An ogre (D:7)
  5 centaurs
  4 phantoms
  A kobold brigand (D:6)
  2 bullfrogs
  A gnoll sergeant (D:3)
  4 two-headed ogre simulacra (IceCv)
  11 scorpions
  3 cane toad simulacra
  12 wights
  2 wyvern skeletons (D:6)
  2 elephant simulacra
  6 killer bees (D:9)
  A crimson imp (D:9)
  3 human zombies (Ossuary)
  A jelly (D:4)
  2 centaur zombies
  A gnoll bouda (D:9)
  5 hounds
  2 orc priests
  A bullfrog skeleton (D:6)
  11 orc wizards
  A polar bear simulacrum (IceCv)
  A spriggan simulacrum (IceCv)
  3 scorpion zombies (Ossuary)
  5 troll simulacra (IceCv)
  2 wolf simulacra
  3 mummies (Ossuary)
  A howler monkey zombie (D:6)
  12 gnolls
  9 adders
  6 naga simulacra (IceCv)
  9 white imps
  7 ufetubi (IceCv)
  4 worms
  3 dart slugs
  46 orcs
  7 ball pythons
  5 bats
  9 endoplasms
  7 giant cockroaches
  19 hobgoblins
  3 jackals (D:3)
  7 quokkas
  4 frilled lizards
  9 goblins
  3 goblin zombies (Ossuary)
  2 hobgoblin zombies (Ossuary)
  13 kobolds
  2 kobold zombies (Ossuary)
  2 orc zombies (Ossuary)
  9 rats
325 creatures vanquished.

Vanquished Creatures (others)
  A plant (D:4)
  A withered plant (D:6)
2 creatures vanquished.

Grand Total: 327 creatures vanquished

Notes
Turn   | Place    | Note
-------+----------+-------------------------------------------
     0 | D:1      | Crownlay the Octopode Earth Elementalist began the quest
                  | for the Orb.
     0 | D:1      | Reached XP level 1. HP: 11/11 MP: 3/3
   158 | D:1      | Reached XP level 2. HP: 17/17 MP: 1/5
   592 | D:1      | Reached XP level 3. HP: 21/21 MP: 7/7
   794 | D:1      | Found Sickaet's Jewellery Shoppe.
  1194 | D:1      | Learned a level 3 spell: Stone Arrow
  1500 | D:2      | Reached XP level 4. HP: 27/27 MP: 9/9
  2216 | D:3      | Noticed a gnoll sergeant
  2758 | D:3      | Reached XP level 5. HP: 31/31 MP: 10/10
  3220 | D:4      | Reached XP level 6. HP: 36/36 MP: 13/13
  3247 | D:4      | Reached skill level 5 in Spellcasting
  3516 | D:4      | Noticed a black bear
  3522 | D:4      | Killed a black bear
  3523 | D:4      | Reached skill level 1 in Necromancy
  3523 | D:4      | Reached skill level 5 in Earth Magic
  3523 | D:4      | Reached XP level 7. HP: 11/41 MP: 15/15
  3533 | D:4      | Found a sand-covered staircase.
  3540 | Ossuary  | Entered an ossuary
  3803 | Ossuary  | Reached XP level 8. HP: 46/46 MP: 17/17
  4449 | D:4      | You are sucked into a shaft and drop 1 floor!
  4449 | D:5      | Entered Level 5 of the Dungeon
  4791 | D:4      | Found a staircase to the Ecumenical Temple.
  4800 | Temple   | Entered the Ecumenical Temple
  4836 | Temple   | Became a worshipper of Gozag Ym Sagoz the Greedy
  4991 | D:1      | Bought a ring of wizardry for 300 gold pieces
  4998 | D:1      | Learned a level 5 spell: Borgnjor's Vile Clutch
  5339 | D:5      | Found a runed translucent gate.
  5339 | D:5      | Found a runed translucent gate.
  5341 | D:5      | Found a runed translucent gate.
  5354 | D:5      | Noticed Nabski's ghost (novice TeFE)
  5611 | D:5      | Found a hazy altar of Hepliaklqana.
  5769 | D:5      | Found an iron altar of Okawaru.
  5822 | D:5      | Found a shadowy altar of Dithmenos.
  5837 | D:5      | Reached XP level 9. HP: 34/51 MP: 20/20
  6129 | D:5      | Found a shimmering blue altar of Sif Muna.
  6424 | D:6      | Found a white marble altar of Elyvilon.
  6425 | D:6      | Found a glowing golden altar of the Shining One.
  6709 | D:6      | Reached skill level 5 in Necromancy
  6798 | D:6      | Found a stormy altar of Qazlal.
  6864 | D:6      | Found Deubrac's Magic Scroll Emporium.
  6873 | D:6      | Bought a scroll of poison for 52 gold pieces
  6873 | D:6      | Bought a scroll of vulnerability for 52 gold pieces
  6873 | D:6      | Bought a scroll of identify for 26 gold pieces
  6873 | D:6      | Bought a scroll of amnesia for 52 gold pieces
  7580 | D:7      | Found an ornate altar of the Wu Jian Council.
  7970 | D:7      | Reached XP level 10. HP: 56/56 MP: 19/23
  7993 | D:7      | Reached skill level 10 in Spellcasting
  8681 | D:8      | Found a sparkling altar of Nemelex Xobeh.
  8793 | D:8      | Identified the +0 short sword of Uncomfortable Rashes
                  | {speed, rElec rC+ Dex-3 Stlth+}
  8851 | D:8      | Noticed Prince Ribbit
  8856 | D:8      | Killed Prince Ribbit
  9381 | D:8      | Reached skill level 10 in Earth Magic
  9629 | D:9      | Reached skill level 1 in Fighting
  9631 | D:9      | Noticed a two-headed ogre
  9636 | D:9      | Killed a two-headed ogre
  9825 | D:9      | Reached XP level 11. HP: 67/67 MP: 20/25
  9829 | D:9      | Found a staircase to the Orcish Mines.
  9955 | D:9      | Found a staircase to the Lair.
 10235 | D:9      | Reached skill level 5 in Stealth
 10563 | D:9      | Found a radiant altar of Vehumet.
 10563 | D:9      | Found a burning altar of Makhleb.
 10622 | D:10     | Entered Level 10 of the Dungeon
 10628 | D:10     | Noticed a two-headed ogre
 10634 | D:10     | Killed a two-headed ogre
 10711 | Lair:1   | Entered Level 1 of the Lair of Beasts
 10736 | Lair:1   | Found a frozen archway.
 10755 | IceCv    | Entered an ice cave
 11097 | IceCv    | Reached skill level 5 in Fighting
 11500 | IceCv    | HP: 3/71 [constriction (2)]
 11503 | IceCv    | Slain by an anaconda simulacrum

Illustrated notes

Levels and vault maps discovered:
D:1:      minmay_arrival_semitransparent, layout_loops_corners, serial_shops,
          nicolae_diamond_shop, skrybe_limestone_x, minmay_pentomino_s2
D:2:      layout_loops_corners
D:3:      layout_rooms, roderic_serpentine_path
D:4:      minmay_polygon_palace, layout_basic,
          minmay_temple_entry_gardened_gates, chequers_ossuary_entry_cave
D:5:      layout_cave_pools, okawaru_altar_gauntlet_db,
          mainiacjoe_overflow_tiny_flanked, nicolae_overflow_hidden_temple,
          nicolae_dithmenos_the_darkroom, gammafunk_ghost_necromancy
D:6:      layout_basic, mainiacjoe_overflow_surrounded_room,
          gammafunk_temple_overflow_statue, serial_undead, serial_undead_b,
          serial_undead_b, serial_undead_a, serial_undead_d, serial_shops,
          nicolae_square_shop
D:7:      layout_loops_corners, mainiacjoe_overflow_cross_hatched,
          minmay_manual_moon
D:8:      layout_loops_ring, mainiacjoe_overflow_concentric_impassable,
          uniq_prince_ribbit1
D:9:      layout_cave_pools, grunt_temple_overflow_lords_of_destruction,
          lair_entry_dummy, david_orc_2
D:10:     minmay_weird_star, layout_long_grid, trog_antimagical,
          eat_drink_and_be_merry_uskayaw, uniq_nergalle, uniq_fannar, uniq_snorg
Temple:   nicolae_temple_figure_zero
Lair:1:   layout_cave_pods, portal_ice_cave_entry_ice_simulacra,
          grunt_megastairs_4, lemuel_fruit_fields
IceCv:    ice_cave_caverns_01

Skill      XL: |  1  2  3  4  5  6  7  8  9 10 11 |
---------------+----------------------------------+-----
Spellcasting   | 3 4 5 6 7 9 10 | 10.5
Earth Magic    | 4 5 6 7 10 | 10.6
Necromancy     | 1 2 4 5 6 |  6.0
Fighting       | 3 5 |  5.3
Stealth        | 4 6 |  6.0
Dodging        | |  2.0
Transmutations | |  1.0

Action                     |  1- 3 |  4- 6 |  7- 9 | 10-12 || total
---------------------------+-------+-------+-------+-------++-------
  Melee: Unarmed           |     6 |       |       |       ||     6
         Constrict         |     1 |     1 |     1 |       ||     3
         Whip              |       |     1 |     8 |       ||     9
         Tentacles         |       |     1 |       |       ||     1
         Short sword       |       |       |       |     1 ||     1
   Cast: Sandblast         |    57 |   106 |   180 |   150 ||   493
         Stone Arrow       |       |     7 |    27 |    12 ||    46
         Borgnjor's Vile C |       |       |     7 |    22 ||    29
    Use: Scroll            |       |     6 |     8 |     2 ||    16
         Potion            |       |       |     1 |     3 ||     4
 Armour: Skin              |     1 |     4 |     8 |     2 ||    15
  Dodge: Dodged            |    13 |    27 |    83 |    52 ||   175
  Block: Other             |       |       |       |    16 ||    16
         Reflection        |       |       |       |     3 ||     3

Table legend: (Time is in decaauts)
 A = Elapsed time spent in this place.
 B = Non-inter-level travel time spent in this place.
 C = Inter-level travel time spent in this place.
 D = Time resting spent in this place.
 E = Time spent auto-exploring this place.
 F = Levels seen in this place.
 G = Mean time per level.
                   A        B        C        D        E       F      G
               +--------+--------+--------+--------+--------+-----+--------+
         Total |  11752 |  10953 |    799 |    148 |   8864 |  14 |  839.4 |
       Dungeon |  10064 |   9300 |    764 |    148 |   7578 |  10 | 1006.4 |
        Temple |     48 |     36 |     12 |      0 |     29 |   1 |   48.0 |
          Lair |     47 |     24 |     23 |      0 |      0 |   1 |   47.0 |
       Ossuary |    815 |    815 |      0 |      0 |    630 |   1 |  815.0 |
      Ice Cave |    775 |    775 |      0 |      0 |    627 |   1 |  775.0 |
               +--------+--------+--------+--------+--------+-----+--------+

Top non-repeatable levels by time:
     D:7: 1341 daAuts
     D:1: 1337 daAuts
     D:2: 1194 daAuts
     D:6: 1191 daAuts
     D:9: 1052 daAuts
     D:5: 1033 daAuts
     D:4: 1015 daAuts
     D:8: 954 daAuts
     D:3: 886 daAuts
 Ossuary: 815 daAuts
   IceCv: 775 daAuts
    D:10: 57 daAuts
  Temple: 48 daAuts
  Lair:1: 47 daAuts
